[Event "Titled Tuesday Blitz July 4 Late 2023"]
[White "Carlsen, Magnus"]
[Black "lagarto93"]
[WhiteFideId "1503014"]
[WhiteElo "3252"]
[BlackElo "2512"]
[Result "1-0"]
[Round "1"]
[TimeControl "180+2"]
[Date "2023.07.04"]
[WhiteClock "0:00:46"]
[BlackClock "0:00:21"]
[Board "1"]

1. f4 e6 2. e4 d5 3. e5 c5 4. Nf3 Nc6 5. c3 Nh6 6. Na3 Be7 7. Nc2 Nf5 8. d4 cxd4 9. cxd4 Qb6 10. Bd3 Nh4 11. Nxh4 Bxh4+ 12. g3 Be7 13. O-O Bd7 14. a3 a5 15. Rb1 a4 16. Be3 O-O 17. Bf2 f5 18. g4 g6 19. Kh1 Kh8 20. Rg1 Rf7 21. gxf5 exf5 22. h4 Rg8 23. h5 g5 24. fxg5 Bxg5 25. Qf3 Be6 26. Rg2 h6 27. Be3 f4 28. Bf2 Rff8 29. Kh2 Ne7 30. Nb4 Qd8 31. Rbg1 Nf5 32. Bxf5 Rxf5 33. Kh1 Rff8 34. Be1 Qd7 35. Kh2 Qf7 36. Bd2 Rd8 37. Rf2 Rdf8 38. Nd3 Bf5 39. Nxf4 Be4 40. Qh3 Bf5 41. Ng6+ Qxg6 42. hxg6 Bxh3 43. Rxf8 Rxf8 44. Kxh3 Rf3+ 45. Kg4 1-0


[Site "https://www.chess.com"]

[Event "Titled Tuesday Blitz July 4 Late 2023"]
[White "Belov, Alexei"]
[Black "Nakamura, Hikaru"]
[WhiteFideId "4128206"]
[BlackFideId "2016192"]
[WhiteElo "2510"]
[BlackElo "3185"]
[Result "1/2-1/2"]
[Round "1"]
[TimeControl "180+2"]
[Date "2023.07.04"]
[WhiteClock "0:00:07"]
[BlackClock "0:00:43"]
[Board "2"]

1. e4 c6 2. d4 d5 3. Nd2 dxe4 4. Nxe4 Nf6 5. Nxf6+ gxf6 6. c3 Bf5 7. Bd3 Bg6 8. Ne2 e6 9. h4 Qa5 10. Nf4 Bd6 11. Qf3 Nd7 12. h5 Bxd3 13. Nxd3 Qd5 14. Qxd5 cxd5 15. Bf4 Be7 16. O-O-O Rg8 17. g3 b5 18. Kb1 Nb6 19. f3 Kd7 20. g4 a5 21. b3 Kc6 22. Kb2 Ra7 23. Rhg1 Nd7 24. Rc1 a4 25. Ra1 Rga8 26. Nb4+ Kb7 27. Rge1 Bf8 28. Nc2 Rc8 29. Ne3 a3+ 30. Kc2 Bb4 31. Nd1 Bxc3 32. Nxc3 b4 33. Bd2 bxc3 34. Bxc3 Nb8 35. Kd3 Ra6 36. Rac1 Rac6 37. Bd2 Na6 38. Rxc6 Rxc6 39. f4 Kc7 40. f5 Kd7 41. fxe6+ fxe6 42. Rf1 Ke7 43. g5 fxg5 44. Bxg5+ Ke8 45. Bd2 Rc7 46. h6 Rf7 47. Rxf7 Kxf7 48. b4 Nc7 49. Kc3 Nb5+ 50. Kb3 Nxd4+ 51. Kxa3 e5 52. Kb2 e4 53. a4 Ke6 54. Kc3 Nf3 55. a5 d4+ 56. Kc2 e3 57. Bxe3 dxe3 58. Kd3 Nd4 59. a6 e2 60. Kd2 Nb5 61. Kxe2 Kd5 62. Kf3 Ke5 63. Ke3 Na7 64. Kd3 Kd5 65. Ke3 Ke5 66. Kd3 Kd5 67. Ke3 Ke5 1/2-1/2


[Site "https://www.chess.com"]

[Event "Titled Tuesday Blitz July 4 Late 2023"]
[White "Erigaisi Arjun"]
[Black "Lorenzo De La Riva, Lazaro"]
[WhiteFideId "35009192"]
[BlackFideId "2268809"]
[WhiteElo "3150"]
[BlackElo "2509"]
[Result "1-0"]
[Round "1"]
[TimeControl "180+2"]
[Date "2023.07.04"]
[WhiteClock "0:01:08"]
[BlackClock "0:00:03"]
[Board "3"]

1. b3 Nf6 2. Bb2 d5 3. c4 e6 4. Nf3 Be7 5. e3 O-O 6. Be2 c5 7. O-O Nc6 8. d4 b6 9. cxd5 Nxd5 10. dxc5 Bxc5 11. a3 Be7 12. b4 Bf6 13. Qb3 Bb7 14. Nbd2 Rc8 15. Ne4 Bxb2 16. Qxb2 Nce7 17. Rfd1 Qc7 18. Rac1 Qb8 19. Ng3 Rxc1 20. Rxc1 Rc8 21. Bd3 Rxc1+ 22. Qxc1 Qc8 23. Qxc8+ Nxc8 24. Kf1 Kf8 25. Ne5 g6 26. Ne4 Ke7 27. h4 h5 28. Ke2 a5 29. bxa5 bxa5 30. Nc5 Nd6 31. g3 Nc3+ 32. Ke1 Be4 33. Nxe4 Ncxe4 34. Nc6+ Kf6 35. Nxa5 Nc3 36. Nc4 Ndb5 37. Bc2 Nd5 38. Kd2 Na7 39. e4 Nc7 40. Ba4 Nc8 41. Bd7 Na7 42. Kd3 e5 43. f3 Ne6 44. Bxe6 Kxe6 45. a4 Nc6 46. a5 f5 47. Kc3 Nd4 48. a6 fxe4 49. fxe4 Kf6 50. Nd6 Nc6 51. Kc4 g5 52. Kc5 Na7 53. Kb6 1-0


[Site "https://www.chess.com"]

[Event "Titled Tuesday Blitz July 4 Late 2023"]
[White "Ribeiro, Matheus Mendes Domingues"]
[Black "Naroditsky, Daniel"]
[WhiteFideId "324226923"]
[BlackFideId "2026961"]
[WhiteElo "2509"]
[BlackElo "3145"]
[Result "0-1"]
[Round "1"]
[TimeControl "180+2"]
[Date "2023.07.04"]
[WhiteClock "0:00:08"]
[BlackClock "0:00:31"]
[Board "4"]

1. c4 e5 2. Nc3 Bb4 3. Nd5 Be7 4. g3 Nf6 5. Nc3 O-O 6. Bg2 c6 7. d4 d6 8. dxe5 dxe5 9. Nf3 Qc7 10. O-O Bf5 11. Qb3 Nbd7 12. Be3 h6 13. Nd2 Nc5 14. Bxc5 Bxc5 15. Nde4 Nxe4 16. Nxe4 Be7 17. Rfd1 Be6 18. Rac1 Rad8 19. Qc3 f5 20. Nd2 Bf6 21. Qc2 e4 22. e3 Qe5 23. b3 a5 24. Nb1 Ra8 25. Nc3 Rfd8 26. Rxd8+ Rxd8 27. Rd1 Rxd1+ 28. Nxd1 Qa1 29. Bf1 Kf7 30. Kg2 Ke7 31. c5 a4 32. Bc4 a3 33. Bxe6 Kxe6 34. Kf1 Bb2 35. Ke2 Qxa2 36. Qc4+ Ke7 37. Qb4 Bc3+ 0-1


[Site "https://www.chess.com"]

[Event "Titled Tuesday Blitz July 4 Late 2023"]
[White "Nihal Sarin"]
[Black "Chor, Kevin"]
[WhiteFideId "25092340"]
[BlackFideId "2090740"]
[WhiteElo "3127"]
[BlackElo "2507"]
[Result "1-0"]
[Round "1"]
[TimeControl "180+2"]
[Date "2023.07.04"]
[WhiteClock "0:00:36"]
[BlackClock "0:00:01"]
[Board "5"]

1. e3 c5 2. d4 cxd4 3. exd4 g6 4. Nf3 Bg7 5. c3 Nf6 6. Bc4 O-O 7. O-O d5 8. Bd3 Nc6 9. Re1 Bg4 10. Nbd2 Re8 11. h3 Bxf3 12. Nxf3 Qc7 13. Bg5 e5 14. dxe5 Nxe5 15. Rxe5 Rxe5 16. Nxe5 Qxe5 17. Be3 a6 18. Qf3 Re8 19. Rd1 Ne4 20. Bc2 Qe6 21. Bb3 Rd8 22. h4 h5 23. g3 Bf6 24. Kg2 Kg7 25. Rd3 b5 26. Qd1 Qf5 27. Rxd5 Rxd5 28. Qxd5 Qxd5 29. Bxd5 Nd6 30. Bf4 Be7 31. Kf3 a5 32. b3 Nf5 33. Ke4 b4 34. c4 Nd6+ 35. Kd3 Nf5 36. Bc7 Bc5 37. Ke2 Nd4+ 38. Kf1 a4 39. bxa4 b3 40. axb3 Nxb3 41. a5 Nd4 42. Bb6 1-0


[Site "https://www.chess.com"]

[Event "Titled Tuesday Blitz July 4 Late 2023"]
[White "Deng, Henry"]
[Black "Firouzja, Alireza"]
[WhiteFideId "30965454"]
[BlackFideId "12573981"]
[WhiteElo "2507"]
[BlackElo "3103"]
[Result "0-1"]
[Round "1"]
[TimeControl "180+2"]
[Date "2023.07.04"]
[WhiteClock "0:00:05"]
[BlackClock "0:00:08"]
[Board "6"]

1. e4 c6 2. d4 d5 3. Nd2 dxe4 4. Nxe4 Nf6 5. Nxf6+ exf6 6. c3 Bd6 7. Bd3 O-O 8. Qc2 Re8+ 9. Ne2 h5 10. O-O Nd7 11. Ng3 Qa5 12. b4 Qc7 13. f4 h4 14. Nf5 h3 15. gxh3 Nb6 16. Nxd6 Qxd6 17. f5 Nd5 18. a3 Ne3 19. Bxe3 Rxe3 20. Rae1 Rxe1 21. Rxe1 Bd7 22. Qf2 a5 23. Bc4 b5 24. Bb3 axb4 25. axb4 Ra3 26. Qb2 Ra8 27. Qe2 Bxf5 28. Qe7 Qxe7 29. Rxe7 Rf8 30. Rc7 Be4 31. Kf2 g5 32. Ke3 f5 33. Rd7 Kg7 34. d5 cxd5 35. Bxd5 Rh8 36. Bxe4 Rxh3+ 37. Kd4 fxe4 38. Kxe4 Rxc3 39. Rd5 Rc4+ 40. Ke3 Rxb4 41. Rxg5+ Kh6 42. Rf5 Kg6 43. Rc5 Rb1 44. Kd3 f5 45. Kc2 Rb4 46. Kc3 Rh4 47. Rxb5 Rxh2 48. Kd3 Kg5 49. Ke3 Kg4 50. Rb4+ Kg3 51. Rf4 Rh5 52. Rf3+ Kg4 53. Rf4+ Kg5 54. Rf1 Rh3+ 55. Kf2 Kg4 56. Rg1+ Kf4 57. Ra1 Rf3+ 58. Kg2 Rb3 59. Ra4+ Ke3 60. Ra8 Rb2+ 61. Kf1 Kf3 62. Ra3+ Kg4 63. Rc3 f4 64. Ra3 Rc2 65. Rb3 Rc4 66. Ra3 Rc5 67. Rb3 Kf5 68. Ra3 Rd5 69. Rb3 Re5 70. Ra3 Kg4 71. Rb3 Rg5 72. Ra3 Kh4 73. Rb3 Rg3 74. Rxg3 Kxg3 75. Kg1 f3 76. Kf1 f2 0-1


[Site "https://www.chess.com"]

[Event "Titled Tuesday Blitz July 4 Late 2023"]
[White "Caruana, Fabiano"]
[Black "musclemonster12"]
[WhiteFideId "2020009"]
[WhiteElo "3096"]
[BlackElo "2507"]
[Result "1-0"]
[Round "1"]
[TimeControl "180+2"]
[Date "2023.07.04"]
[WhiteClock "0:00:27"]
[BlackClock "0:00:00"]
[Board "7"]

1. b4 e5 2. Bb2 Nf6 3. Bxe5 Bxb4 4. e3 d5 5. g3 O-O 6. Bg2 c5 7. Bxf6 Qxf6 8. c3 Ba5 9. Bxd5 Nc6 10. Bg2 Ne5 11. Qe2 Rd8 12. f4 Nd3+ 13. Kf1 Nc1 14. Qd1 Qa6+ 15. Kf2 Nd3+ 16. Kf1 Nxf4+ 17. Ne2 Nd3 18. Kg1 Bg4 19. Qf1 Be6 20. Na3 Rab8 21. h3 Bc7 22. Nc2 h5 23. Ne1 Nxe1 24. Qxe1 h4 25. gxh4 Bc4 26. Nf4 Rd6 27. d4 cxd4 28. cxd4 Re8 29. Qc3 Rf6 30. Rc1 Bxf4 31. exf4 Be6 32. Kh2 Rg6 33. Rhe1 Qxa2 34. Rc2 Qa6 35. f5 Rxg2+ 36. Rxg2 Qd6+ 37. Qg3 Qxg3+ 38. Rxg3 Bd7 39. Rxe8+ Bxe8 40. f6 g6 41. d5 a6 42. Re3 Bb5 43. Re7 1-0


[Site "https://www.chess.com"]

[Event "Titled Tuesday Blitz July 4 Late 2023"]
[White "Liu, Casper"]
[Black "Mamedov, Rauf"]
[WhiteFideId "1454153"]
[BlackFideId "13401653"]
[WhiteElo "2505"]
[BlackElo "3046"]
[Result "0-1"]
[Round "1"]
[TimeControl "180+2"]
[Date "2023.07.04"]
[WhiteClock "0:00:56"]
[BlackClock "0:00:56"]
[Board "8"]

1. e4 c5 2. d4 cxd4 3. Qxd4 Nc6 4. Qe3 g6 5. Nc3 Bg7 6. Bd2 d6 7. O-O-O Nf6 8. Nd5 Be6 9. Bc3 O-O 10. Nxf6+ exf6 11. Kb1 Rc8 12. h4 h5 13. Nf3 Re8 14. Nd4 Nxd4 15. Qxd4 Qd7 16. Qxd6 Qa4 17. a3 Rxc3 18. bxc3 Bf8 19. Qc7 Qxa3 20. c4 Qb4+ 21. Ka2 Rc8 22. Qg3 Rc6 23. Qb3 Qa5+ 24. Kb2 Rb6 25. Ra1 Qe5+ 26. Ka2 Rxb3 27. cxb3 Qc3 28. Rb1 Bc5 29. Rb2 Bd4 0-1


[Site "https://www.chess.com"]

[Event "Titled Tuesday Blitz July 4 Late 2023"]
[White "Lazavik, Denis"]
[Black "a-z30"]
[WhiteFideId "13515110"]
[WhiteElo "3043"]
[BlackElo "2504"]
[Result "1-0"]
[Round "1"]
[TimeControl "180+2"]
[Date "2023.07.04"]
[WhiteClock "0:01:51"]
[BlackClock "0:00:00"]
[Board "9"]

1. d4 d6 2. Nf3 Nf6 3. c4 g6 4. g3 Bg7 5. Bg2 O-O 6. O-O c6 7. Nc3 Bf5 8. Ne1 d5 9. Qb3 Qb6 10. cxd5 Qxb3 11. axb3 cxd5 12. Nxd5 Nxd5 13. Bxd5 Nc6 14. e3 Rfd8 15. Bg2 e5 16. d5 Nb4 17. e4 Bd7 18. Bd2 Na6 19. Nc2 Nc5 20. Ra3 Bb5 21. Re1 a6 22. Bf1 Bxf1 23. Kxf1 Bf8 24. b4 Nd7 25. Rc3 Rdc8 26. Rc1 Nb6 27. Ne3 Be7 28. Rxc8+ Rxc8 29. Rxc8+ Nxc8 30. Ke2 f6 31. Kd3 Nd6 32. Nc4 Nxc4 33. Kxc4 b5+ 34. Kc3 Kf7 35. Be3 Ke8 36. Bc5 Bd8 37. Kd3 Kd7 38. f4 h5 39. h4 Bc7 40. Ke3 Bd8 41. f5 gxf5 42. exf5 1-0


[Site "https://www.chess.com"]

[Event "Titled Tuesday Blitz July 4 Late 2023"]
[White "Sai Han Thiha"]
[Black "Bortnyk, Olexandr"]
[WhiteFideId "13012290"]
[BlackFideId "14120828"]
[WhiteElo "2502"]
[BlackElo "3026"]
[Result "0-1"]
[Round "1"]
[TimeControl "180+2"]
[Date "2023.07.04"]
[WhiteClock "0:00:02"]
[BlackClock "0:00:54"]
[Board "10"]

1. d4 Nf6 2. Nf3 b6 3. c4 Bb7 4. g3 g6 5. Bg2 Bg7 6. O-O O-O 7. Re1 Na6 8. d5 Nc5 9. Qc2 c6 10. e4 cxd5 11. exd5 Rc8 12. Nc3 e6 13. dxe6 dxe6 14. Be3 Qd3 15. Qxd3 Nxd3 16. Reb1 Rxc4 17. Bf1 Bxf3 18. Bxd3 Rc7 19. Bf4 Rd7 20. Bb5 Rdd8 21. a4 Ne4 22. Nxe4 Bxe4 23. Re1 Bb7 24. Be5 Bxe5 25. Rxe5 Rd2 26. Rb1 Rc8 27. Re2 Rcc2 28. Kf1 Rxe2 29. Bxe2 Be4 30. Rd1 Rxb2 31. f3 Bd5 32. Rc1 Ra2 33. Bc4 Bxc4+ 34. Rxc4 Rxh2 35. Rc7 a5 36. Rb7 Rb2 37. f4 h5 38. Kg1 Kg7 39. Kf1 Kf6 40. Kg1 Rb4 41. Kg2 Rxa4 42. Rxb6 Ra2+ 43. Kf3 Ra1 44. Rb5 a4 45. Ra5 a3 46. Kf2 a2 47. Kg2 Kg7 48. Ra7 Kh6 49. Ra5 f6 50. Ra6 e5 51. fxe5 fxe5 52. Ra8 e4 53. Ra3 e3 54. Ra8 e2 55. Kf2 e1=Q+ 0-1


[Site "https://www.chess.com"]

[Event "Titled Tuesday Blitz July 4 Late 2023"]
[White "Bluebaum, Matthias"]
[Black "Zeltsan, Joseph"]
[WhiteFideId "24651516"]
[BlackFideId "30932980"]
[WhiteElo "3020"]
[BlackElo "2502"]
[Result "1-0"]
[Round "1"]
[TimeControl "180+2"]
[Date "2023.07.04"]
[WhiteClock "0:02:37"]
[BlackClock "0:02:30"]
[Board "11"]

1. d4 Nf6 2. c4 e6 3. Nc3 Bb4 4. e3 c5 5. Ne2 O-O 6. a3 Bxc3+ 7. Nxc3 cxd4 8. exd4 d5 9. c5 Nc6 10. Bb5 e5 11. Bxc6 bxc6 12. dxe5 Ng4 13. Bf4 Ba6 14. Qxg4 1-0


[Site "https://www.chess.com"]

[Event "Titled Tuesday Blitz July 4 Late 2023"]
[White "Zhang, Derek"]
[Black "Martinez Alcantara, Jose Eduardo"]
[WhiteFideId "2087871"]
[BlackFideId "3805662"]
[WhiteElo "2499"]
[BlackElo "3016"]
[Result "0-1"]
[Round "1"]
[TimeControl "180+2"]
[Date "2023.07.04"]
[WhiteClock "0:00:00"]
[BlackClock "0:02:25"]
[Board "12"]

1. Nf3 c5 2. c4 Nc6 3. e3 g6 4. d4 Bg7 5. Nc3 Nf6 6. d5 Nb4 7. e4 d6 8. Be2 O-O 9. Be3 e5 10. h3 Nh5 11. a3 Na6 12. Qd2 Bd7 13. g4 Nf4 14. Bxf4 exf4 15. Qxf4 Qb6 16. Qd2 Rae8 17. O-O-O Qa5 18. Nb5 Qb6 19. Qc2 Bxb5 20. cxb5 Nc7 21. Nd2 Nxb5 22. Bxb5 Qxb5 23. h4 c4 24. Nb1 Qc5 25. h5 b5 26. hxg6 fxg6 27. Rh2 Be5 28. Rg2 a5 29. Rh1 b4 30. Qe2 c3 31. axb4 cxb2+ 32. Kd2 Qxb4+ 0-1


[Site "https://www.chess.com"]

[Event "Titled Tuesday Blitz July 4 Late 2023"]
[White "Korobov, Anton"]
[Black "Mattheii"]
[WhiteFideId "14105730"]
[WhiteElo "3010"]
[BlackElo "2499"]
[Result "1-0"]
[Round "1"]
[TimeControl "180+2"]
[Date "2023.07.04"]
[WhiteClock "0:01:51"]
[BlackClock "0:00:12"]
[Board "13"]

1. d4 Nf6 2. c4 e6 3. Nf3 b6 4. a3 Bb7 5. Nc3 d5 6. cxd5 Nxd5 7. Qa4+ Nd7 8. Ne5 Nxc3 9. bxc3 c6 10. Bf4 Nxe5 11. Bxe5 f6 12. Bg3 Bd6 13. e3 O-O 14. Bd3 Qc7 15. Qc2 f5 16. O-O Rae8 17. c4 g6 18. c5 Bxg3 19. hxg3 e5 20. Rab1 exd4 21. Qc4+ Rf7 22. cxb6 axb6 23. Qxd4 b5 24. Rfc1 Qd7 25. Qc3 Rfe7 26. a4 Rd8 27. Bc2 Ba6 28. Bb3+ 1-0


[Site "https://www.chess.com"]

[Event "Titled Tuesday Blitz July 4 Late 2023"]
[White "Trifan, Andrei Ioan"]
[Black "Sargsyan, Shant"]
[WhiteFideId "12967068"]
[BlackFideId "13306766"]
[WhiteElo "2497"]
[BlackElo "3009"]
[Result "0-1"]
[Round "1"]
[TimeControl "180+2"]
[Date "2023.07.04"]
[WhiteClock "0:00:56"]
[BlackClock "0:02:15"]
[Board "14"]

1. Nf3 d5 2. b3 Bg4 3. Bb2 Bxf3 4. exf3 e6 5. f4 Nf6 6. g3 g6 7. Bg2 h5 8. O-O h4 9. Re1 hxg3 10. hxg3 c6 11. a4 a5 12. d3 Nbd7 13. Nd2 Bg7 14. Nf3 Qb6 15. Bd4 Qc7 16. Qc1 Nh5 17. Qb2 Bxd4 18. Qxd4 Ke7 19. Re2 Qb6 20. Rae1 Qxd4 21. Nxd4 Ng7 22. Bf3 Kd6 23. Kg2 Nf6 24. Rh1 Rxh1 25. Kxh1 Nf5 26. Nxf5+ gxf5 27. Kg2 b5 28. axb5 cxb5 29. c4 a4 30. cxb5 a3 31. b6 a2 0-1


[Site "https://www.chess.com"]

[Event "Titled Tuesday Blitz July 4 Late 2023"]
[White "Tahbaz, Arash"]
[Black "Kanyamarala, Tarun"]
[WhiteFideId "12528846"]
[BlackFideId "45004714"]
[WhiteElo "3001"]
[BlackElo "2497"]
[Result "1-0"]
[Round "1"]
[TimeControl "180+2"]
[Date "2023.07.04"]
[WhiteClock "0:00:16"]
[BlackClock "0:00:00"]
[Board "15"]

1. Nf3 d5 2. g3 Nd7 3. Bg2 e5 4. O-O Ngf6 5. d3 c6 6. Nbd2 Bc5 7. e4 dxe4 8. dxe4 O-O 9. b3 Qe7 10. a4 a5 11. Bb2 b6 12. Nc4 Ba6 13. Qe2 Rfe8 14. Rad1 h6 15. Bh3 Rad8 16. Kg2 Kh7 17. Rfe1 Kg8 18. Nh4 Nf8 19. Nf5 Qc7 20. Qf3 N6h7 21. Bc1 Bxc4 22. bxc4 Ne6 23. c3 Nhg5 24. Qg4 Rxd1 25. Rxd1 Rd8 26. Rxd8+ Qxd8 27. Qe2 Nxh3 28. Kxh3 Qd7 29. Kg2 Kh7 30. h4 Bf8 31. h5 g6 32. hxg6+ fxg6 33. Nh4 Nc5 34. Ba3 Be7 35. Bxc5 Bxc5 36. Nf3 Qe6 37. Qd3 Bd6 38. Qb1 Bc7 39. c5 bxc5 40. Qb7 Qe7 41. Qxc6 Kg7 42. Nd2 Qd6 43. Qd5 Qxd5 44. exd5 Kf6 45. Ne4+ Ke7 46. Nxc5 Kd6 47. Ne6 Bb6 48. c4 e4 49. f3 e3 50. Kf1 1-0


[Site "https://www.chess.com"]

[Event "Titled Tuesday Blitz July 4 Late 2023"]
[White "Principe, Alexander"]
[Black "Pranav, V"]
[WhiteFideId "3804542"]
[BlackFideId "25060783"]
[WhiteElo "2497"]
[BlackElo "3001"]
[Result "1-0"]
[Round "1"]
[TimeControl "180+2"]
[Date "2023.07.04"]
[WhiteClock "0:00:09"]
[BlackClock "0:00:03"]
[Board "16"]

1. e4 c5 2. Nf3 Nc6 3. d4 cxd4 4. Nxd4 Nf6 5. Nc3 e6 6. Ndb5 Bc5 7. Nd6+ Ke7 8. Nxc8+ Rxc8 9. Bd3 Re8 10. O-O Kf8 11. Bd2 Kg8 12. Kh1 d5 13. exd5 exd5 14. Bg5 d4 15. Ne4 Be7 16. Bxf6 Bxf6 17. Qh5 g6 18. Qb5 Rc7 19. Rae1 Kg7 20. a3 Re6 21. Nc5 Rxe1 22. Rxe1 b6 23. Ne4 h5 24. f4 Bh4 25. g3 Be7 26. f5 a6 27. Qxb6 gxf5 28. Nd2 Bg5 29. Nf3 Qd5 30. Kg2 Rd7 31. Qxa6 Be3 32. Qc4 Qxc4 33. Bxc4 Rc7 34. Bd3 f4 35. gxf4 Bxf4 36. Re8 Be3 37. Nh4 Kf6 38. Nf3 Bc1 39. b4 Bxa3 40. b5 Ne7 41. Rd8 Bc5 42. Nxd4 Ra7 43. Nb3 Ba3 44. c4 Rc7 45. b6 Rb7 46. c5 Ke5 47. Re8 Kd5 48. Ba6 Rd7 49. b7 Nc6 50. b8=Q Nxb8 51. Rxb8 Ke4 52. Bb7+ Kf4 53. Bf3 Rd3 54. Rb5 Rc3 55. Nd4 Rd3 56. Ne2+ Ke3 57. Bxh5 Rd2 58. Rb3+ Rd3 59. Rxd3+ Kxd3 60. c6 Bd6 61. Ng3 Kd4 62. Nf5+ Ke5 63. Nxd6 Kxd6 64. Bf3 1-0


[Site "https://www.chess.com"]

[Event "Titled Tuesday Blitz July 4 Late 2023"]
[White "Deac, Bogdan-Daniel"]
[Black "Reprintsev, Alexander"]
[WhiteFideId "1226380"]
[BlackFideId "14100541"]
[WhiteElo "2996"]
[BlackElo "2497"]
[Result "1-0"]
[Round "1"]
[TimeControl "180+2"]
[Date "2023.07.04"]
[WhiteClock "0:00:55"]
[BlackClock "0:00:17"]
[Board "17"]

1. b3 e5 2. Bb2 Nc6 3. Nf3 e4 4. Nd4 Qf6 5. e3 Bc5 6. c3 d5 7. d3 Ne5 8. dxe4 dxe4 9. Nd2 Qg6 10. c4 Nd3+ 11. Bxd3 exd3 12. Qf3 Nf6 13. Nb5 O-O 14. Bxf6 gxf6 15. Nxc7 Bg4 16. Qg3 Rac8 17. Nd5 Kg7 18. Nf4 Bd6 19. Nxg6 Bxg3 20. Nxf8 Be5 21. Rc1 Rxf8 22. Nf3 Bc7 23. Kd2 Rd8 24. b4 a5 25. a3 axb4 26. axb4 Bf5 27. Nd4 Bg6 28. Rc3 Be5 29. Rxd3 Bxd3 30. Kxd3 Ra8 31. Rc1 Ra3+ 32. Rc3 Ra2 33. Rc2 Ra3+ 34. Ke4 Kg6 35. g3 h5 36. h4 Bc7 37. Nb5 f5+ 38. Kf3 1-0


[Site "https://www.chess.com"]

[Event "Titled Tuesday Blitz July 4 Late 2023"]
[White "Paravyan, David"]
[Black "marik_spb"]
[WhiteFideId "4194985"]
[WhiteElo "2979"]
[BlackElo "2493"]
[Result "1/2-1/2"]
[Round "1"]
[TimeControl "180+2"]
[Date "2023.07.04"]
[WhiteClock "0:00:35"]
[BlackClock "0:00:08"]
[Board "19"]

1. e4 c6 2. d4 d5 3. Nc3 dxe4 4. Nxe4 Nf6 5. Nxf6+ exf6 6. c3 Bd6 7. Bd3 Na6 8. Ne2 Nc7 9. O-O O-O 10. Ng3 Nd5 11. Qc2 g6 12. Bd2 Re8 13. Rae1 Bd7 14. Rxe8+ Bxe8 15. Ne4 f5 16. Nxd6 Qxd6 17. Re1 Bd7 18. Qc1 Re8 19. Rxe8+ Bxe8 20. Qe1 Bd7 21. f4 f6 22. g3 h5 23. h4 Kf7 24. Kf2 Be6 25. a3 b5 26. Be3 Nb6 27. Be2 Bc4 28. Bd1 Bd5 29. Bc1 a5 30. c4 Nxc4 31. b3 Nxa3 32. Qxa5 b4 33. Bd2 Be4 34. Qxb4 Qxb4 35. Bxb4 Nb5 36. Ke3 Ke6 37. Be2 Bd5 38. Bc4 Kf7 39. Kd3 Ke6 40. Bc5 Kd7 41. Bb4 Ke6 42. Ke3 Kd7 43. Be1 Ke6 44. Kd3 Kd7 45. Bb4 Ke6 1/2-1/2


[Site "https://www.chess.com"]

[Event "Titled Tuesday Blitz July 4 Late 2023"]
[White "only_strong_moves"]
[Black "He, Anthony"]
[BlackFideId "2088215"]
[WhiteElo "2493"]
[BlackElo "2978"]
[Result "0-1"]
[Round "1"]
[TimeControl "180+2"]
[Date "2023.07.04"]
[WhiteClock "0:00:01"]
[BlackClock "0:00:42"]
[Board "20"]

1. d4 Nf6 2. c4 g6 3. Nc3 d5 4. cxd5 Nxd5 5. Nf3 Bg7 6. Qb3 Nb6 7. e4 O-O 8. Be3 Nc6 9. d5 Ne5 10. Nxe5 Bxe5 11. f4 Bg7 12. Be2 e6 13. dxe6 Bxe6 14. Qc2 Nc4 15. Bxc4 Bxc4 16. Rd1 Qh4+ 17. g3 Qg4 18. Kf2 Rfe8 19. b3 Be6 20. Bd4 Bf8 21. Nb5 c5 22. Ba1 c4 23. h3 Bc5+ 24. Kg2 Qh5 25. Qb2 c3 26. Nxc3 f6 27. Na4 Be7 28. Qf2 Rac8 29. Rc1 b5 30. Nb2 Rxc1 31. Rxc1 Qxh3+ 32. Kg1 Rd8 33. Nd1 Rd3 34. Ne3 Bd8 35. Nf1 Bb6 36. Rc5 Rd1 37. Bd4 Bxc5 38. Bxc5 Bg4 39. Qe3 Rxf1# 0-1


[Site "https://www.chess.com"]

[Event "Titled Tuesday Blitz July 4 Late 2023"]
[White "Kollars, Dmitrij"]
[Black "Dixit, Nikhil"]
[WhiteFideId "12909572"]
[BlackFideId "5059534"]
[WhiteElo "2977"]
[BlackElo "2490"]
[Result "1-0"]
[Round "1"]
[TimeControl "180+2"]
[Date "2023.07.04"]
[WhiteClock "0:00:24"]
[BlackClock "0:00:07"]
[Board "21"]

1. Nf3 Nf6 2. b3 g6 3. Bb2 Bg7 4. g3 O-O 5. Bg2 d6 6. d4 a5 7. c4 a4 8. bxa4 c6 9. O-O Qa5 10. Nc3 Nbd7 11. Nd2 Nb6 12. c5 dxc5 13. Nb3 Qb4 14. dxc5 Nc4 15. a3 Nxb2 16. axb4 Nxd1 17. Rfxd1 Nd7 18. Nd4 Ne5 19. e3 Nc4 20. Bf1 Ne5 21. Be2 h5 22. Kg2 Bg4 23. f3 Bc8 24. Rd2 g5 25. Rad1 g4 26. f4 Nd7 27. a5 Nb8 28. Na4 Nd7 29. Nf5 Bf6 30. Rxd7 Bxd7 31. Rxd7 Rfd8 32. Rxb7 Rd2 33. Kf2 Rad8 34. a6 Ra2 35. a7 Rxa4 36. Nd4 Bxd4 37. Rb8 Bxe3+ 38. Kxe3 Ra3+ 39. Ke4 Rxa7 40. Rxd8+ Kg7 41. b5 cxb5 42. c6 b4 43. Rd7 Ra4 44. Bb5 Ra5 45. c7 Rxb5 46. c8=Q b3 47. Qc3+ Kg6 48. Qb2 f5+ 49. Kd4 Rb4+ 50. Kc5 Rb6 51. Kxb6 Kf7 52. Qe5 Kg6 53. Rxe7 b2 54. Qg7# 1-0


[Site "https://www.chess.com"]

[Event "Titled Tuesday Blitz July 4 Late 2023"]
[White "Silva, Caio Henrique Angelico"]
[Black "Indjic, Aleksandar"]
[WhiteFideId "22777210"]
[BlackFideId "911925"]
[WhiteElo "2487"]
[BlackElo "2969"]
[Result "0-1"]
[Round "1"]
[TimeControl "180+2"]
[Date "2023.07.04"]
[WhiteClock "0:00:20"]
[BlackClock "0:00:59"]
[Board "22"]

1. d4 Nf6 2. Nf3 e6 3. g3 c5 4. Bg2 cxd4 5. O-O d5 6. Nxd4 e5 7. Nb3 Be6 8. c4 Nc6 9. cxd5 Nxd5 10. Nc3 Nxc3 11. bxc3 Qc7 12. Be3 Be7 13. Nc5 Bxc5 14. Bxc5 Rd8 15. Qa4 Bd5 16. e4 Be6 17. Rfd1 Rxd1+ 18. Rxd1 f6 19. Bf1 Kf7 20. Bc4 Re8 21. Rd6 Bxc4 22. Qxc4+ Kg6 23. Qe2 Qc8 24. h4 h5 25. Qd3 b6 26. Be3 Na5 27. Rd7 Qc4 28. Qxc4 Nxc4 29. Rxa7 Rc8 30. Bc1 Rd8 31. Ba3 Nd2 32. Be7 Rc8 33. Rb7 Nxe4 34. Rxb6 Rxc3 35. Rb7 Rc2 36. Bf8 Nxf2 37. Rxg7+ Kf5 38. Rh7 Ne4 39. Rxh5+ Kg4 40. Rh8 Nxg3 41. Rg8+ Kh3 42. a4 Rg2# 0-1


[Site "https://www.chess.com"]

[Event "Titled Tuesday Blitz July 4 Late 2023"]
[White "Andreikin, Dmitry"]
[Black "Keleberda, Tymur"]
[WhiteFideId "4158814"]
[BlackFideId "14174294"]
[WhiteElo "2967"]
[BlackElo "2487"]
[Result "1-0"]
[Round "1"]
[TimeControl "180+2"]
[Date "2023.07.04"]
[WhiteClock "0:01:43"]
[BlackClock "0:00:22"]
[Board "23"]

1. Nf3 Nf6 2. c4 e6 3. Nc3 b6 4. e4 d6 5. d4 c5 6. d5 Be7 7. Bd3 O-O 8. h3 a6 9. O-O Nbd7 10. Re1 Rb8 11. a4 Re8 12. b3 Nf8 13. dxe6 fxe6 14. e5 dxe5 15. Nxe5 Qc7 16. Bf4 Bd6 17. Ra2 Bb7 18. Rd2 Rbd8 19. Qe2 N6d7 20. Rdd1 Nxe5 21. Bxe5 Bxe5 22. Qxe5 Qxe5 23. Rxe5 Rd4 24. Ne2 Rd6 25. Bxh7+ Kxh7 26. Rxd6 b5 27. axb5 axb5 28. cxb5 Bd5 29. Rdxd5 Rb8 30. Rxc5 Nd7 31. b4 Kg6 32. Kh1 Kf6 33. f4 Ra8 34. Ng1 Ra1 35. Kh2 Rb1 36. Nf3 Rxb4 37. Rc7 Nxe5 38. Nxe5 Kf5 39. Rxg7 Rxb5 40. Rg4 Rb8 41. Nf3 Rb2 42. Rg5+ Kf6 43. Kg3 Rb3 44. h4 Rb1 45. h5 Rb7 46. h6 Rh7 47. Ne5 Rxh6 48. Ng4+ Kf7 49. Nxh6+ Ke7 50. Ng4 e5 51. Rxe5+ Kd6 1-0


[Site "https://www.chess.com"]